 Dungeon Crawl Stone Soup version 0.23.0 (webtiles) character file.

Game seed: 14377735926858965329

21154 CanOfBees the Summoner (level 12, -1/74 HPs)
             Began as a Tengu Summoner on Feb 19, 2019.
             Was a High Priest of Sif Muna.
             Slain by a black mamba (14 damage)
             ... on level 6 of the Lair of Beasts.
             The game lasted 01:05:21 (24801 turns).

CanOfBees the Summoner (Tengu Summoner)            Turns: 24801, Time: 01:05:22

Health: -1/74      AC:  4    Str:  9    XL:     12   Next: 87%
Magic:  34/34      EV: 20    Int: 19    God:    Sif Muna [*****.]
Gold:   513        SH:  8    Dex: 18    Spells: 7/27 levels left

rFire    + + +     SeeInvis +   a - +8 trident of the Pill Bug {freeze, rF+ MP+9}
rCold    + + +     Gourm    .   B - +3 buckler {rC+}
rNeg     . . .     Faith    .   p - +2 robe
rPois    +         Spirit   .   (helmet restricted)
rElec    +         Reflect  .   k - scarf {rC+ rF+}
rCorr    +         Harm     .   (no gloves)
MR       +....                  (boots unavailable)
Stlth    ++........             M - amulet of regeneration
HPRegen  0.62/turn              y - ring of see invisible
MPRegen  0.24/turn              g - ring of protection from magic

@: resistant, flying quickly and evasively, quick
A: beak, talons 3, agile 1, fire resistance 2, mutation resistance 1, able to
fly
a: Stop Flying, Divine Energy, Channel Magic, Forget Spell, Renounce Religion


You were on level 6 of the Lair of Beasts.
You worshipped Sif Muna.
Sif Muna was extremely pleased with you.
You were hungry.

You visited 2 branches of the dungeon, and saw 16 of its levels.
You also visited: Bailey and Ice Cave.

You collected 929 gold pieces.
You spent 416 gold pieces at shops.

Inventory:

Hand Weapons
 a - the +8 trident of the Pill Bug (weapon) {freeze, rF+ MP+9}
   (You bought it in a shop on level 6 of the Dungeon)

   It has been specially enchanted to freeze those struck by it, causing extra
   injury to most foes and up to half again as much damage against particularly
   susceptible opponents.
   It can also slow down cold-blooded creatures.
   It protects you from fire.
   It affects your magic capacity (+9).
 V - a +2 short sword of holy wrath
Missiles
 e - 355 stones
 r - 19 arrows
 s - 4 javelins of returning
 W - 2 javelins (quivered)
Armour
 k - a scarf of resistance (worn)
 m - the +1 scale mail of Sif Muna's Delight {Regen+ Dex-4 SInv}
   (You found it on level 4 of the Lair of Beasts)

   It affects your dexterity (-4).
   It lets you see invisible.
   It increases your rate of regeneration.
 p - a +2 robe (worn)
 B - a +3 buckler of cold resistance (worn)
Magical Staves
 w - an uncursed staff of conjuration
 x - an uncursed staff of cold
 N - an uncursed staff of power
Jewellery
 g - a ring of protection from magic (right hand)
 y - a ring of see invisible (left hand)
 M - an amulet of regeneration (around neck)
Wands
 v - a wand of acid (7)
 C - a wand of iceblast (28)
 D - a wand of scattershot (3)
 J - a wand of polymorph (12)
 O - a wand of paralysis (9)
 X - a wand of disintegration (26)
Scrolls
 b - a scroll of noise {unknown}
 i - a scroll of vulnerability {unknown}
 j - 8 scrolls of remove curse
 l - a scroll of fog
 n - 3 scrolls of teleportation
 u - a scroll of enchant armour
 A - a scroll of enchant weapon
 K - a scroll of amnesia {unknown}
Potions
 d - a potion of brilliance {unknown}
 f - 6 potions of curing
 o - a potion of magic {unknown}
 t - a potion of might
 Y - 4 potions of agility
Comestibles
 c - 28 rations


   Skills:
 + Level 8.2 Fighting
 + Level 3.0 Polearms
 - Level 6.8 Dodging
 - Level 2.0 Stealth
 - Level 4.0 Shields
 + Level 8.4 Spellcasting
 - Level 3.8 Conjurations
 - Level 12.0 Summonings
 - Level 6.0 Ice Magic
 - Level 8.0 Air Magic
 + Level 6.9 Invocations


You had 7 spell levels left.
You knew the following spells:

 Your Spells              Type           Power        Failure   Level  Hunger
a - Summon Small Mammal   Summ           ####         1%          1    None
b - Call Imp              Summ           ######..     1%          2    None
c - Call Canine Familiar  Summ           ######..     1%          3    None
d - Summon Lightning Spi  Summ/Air       #####...     1%          4    ###....
e - Summon Ice Beast      Ice/Summ       #####...     1%          4    ###....
f - Freezing Cloud        Conj/Ice/Air   ####......   75%         6    ######.

Your spell library contained the following spells:

 Spells                   Type           Power        Failure   Level  Hunger
 Freeze                   Ice            ####         1%          1    None
 Summon Guardian Golem    Hex/Summ       ####....     2%          3    None
 Ensorcelled Hibernation  Hex/Ice        ###...       3%          2    None
 Confusing Touch          Hex            #.....       9%          1    None
 Corona                   Hex            #......      9%          1    None
 Dazzling Spray           Conj/Hex       ###...       12%         3    None
 Slow                     Hex            #.......     13%         2    None
 Confuse                  Hex            #.......     26%         3    None
 Gell's Gravitas          Tloc           #.........   26%         3    None
 Inner Flame              Hex/Fire       #.......     26%         3    None
 Portal Projectile        Hex/Tloc       #.....       26%         3    None
 Tukima's Dance           Hex            #.......     26%         3    None
 Metabolic Englaciation   Hex/Ice        ###.......   56%         5    #####..
 Cause Fear               Hex            #.........   65%         4    ###....
 Leda's Liquefaction      Hex/Erth       #.........   65%         4    ###....
 Petrify                  Tmut/Erth      #.......     65%         4    ###....
 Bolt of Cold             Conj/Ice       ####......   87%         6    ######.
 Lee's Rapid Deconstruct  Erth           #.........   94%         5    #####..
 Yara's Violent Unravell  Hex/Tmut       #.........   94%         5    #####..


Dungeon Overview and Level Annotations

Branches:
Dungeon (10/15)            Temple (0/1) D:7            Lair (6/6) D:10
 Shoals (0/4) Lair:4        Snake (0/4) Lair:2        Slime (0/5) Lair:5
    Orc: D:9-12

Altars:
Ashenzari
Elyvilon
Fedhas
Gozag
Kikubaaqudgha
Makhleb
Nemelex Xobeh
Qazlal
Sif Muna
Uskayaw
Xom
Yredelemnul
Zin
The Shining One

Shops:
D:6 ([   D:8 *

Annotations:
D:6 3 runed translucent doors, suduhmizer's ghost, novice SpEn
D:7 2 runed translucent doors


Innate Abilities, Weirdness & Mutations

You have a beak for a mouth.
You have claws for feet.
You can fly continuously.
You are agile. (Dex +2)
Your flesh is very heat resistant. (rF++)
You are somewhat resistant to further mutation.


Message History

You block the black mamba's attack.
You hit the oklob plant. You freeze the oklob plant.
You destroy the oklob plant!
Sif Muna accepts your kill.
Training target 12.0 for Summonings reached!
Your Polearms skill increases to level 3!
Your Summonings skill increases to level 12!
The vampire mosquito closely misses you.
You block the black mamba's attack. The vampire mosquito bites you!
The vampire mosquito draws strength from your injuries!
The black mamba bites you!
* * * LOW HITPOINT WARNING * * *
You block the vampire mosquito's attack.
The vampire mosquito bites you!
* * * LOW HITPOINT WARNING * * *
The vampire mosquito draws strength from your injuries!
You feel better.
The black mamba bites you but does no damage.
The vampire mosquito misses you. The black mamba bites you!
You die...

....P...
.....P.##
♣.......
♣.....## #♣.
#♣.......
♣...♣♣♣.....#
........y...#
.......@S...##
#............##
#..........<.P#
.............##
##...........#
####.........#
.≈........##
$.≈≈........
.............


You could see a black mamba and a vampire mosquito.

Vanquished Creatures
  A hydra (Lair:1)
  A two-headed ogre (D:10)
  Pikel (D:4)
  An orc knight (Bailey)
  An oklob plant (Lair:6)
  A black mamba (Lair:3)
  An elephant (Lair:4)
  4 spiny frogs
  A komodo dragon (Lair:2)
  A polar bear (IceCv)
  A queen bee (Lair:3)
  A hippogriff (Lair:2)
  3 blink frogs
  A spriggan (D:7)
  5 yaks
  A wyvern (D:7)
  A basilisk (D:7)
  A hungry ghost (D:8)
  Menkaure (D:7)
  5 water moccasins
  2 porcupines
  A slave (D:3)
  2 phantoms
  2 wolves
  A centaur (D:5)
  3 ogres
  5 crocodiles
  A big kobold (D:7)
  10 bullfrogs
  A gnoll sergeant (D:9)
  6 killer bees
  A centaur zombie (D:5)
  5 crimson imps
  2 howler monkeys
  4 hounds
  4 orc priests
  2 centaur skeletons
  6 orc wizards
  2 iguanas
  4 worker ants
  2 wolf simulacra (Lair:5)
  10 gnolls
  4 adders
  2 shadow imps (D:7)
  9 white imps (Lair:2)
  2 adder skeletons (D:7)
  A worm (D:4)
  2 dart slugs
  3 leopard geckos
  16 orcs
  5 giant cockroaches
  3 hobgoblins
  10 jackals
  4 quokkas
  A ball python skeleton (D:4)
  8 bats
  4 frilled lizards
  3 goblins
  14 kobolds
  A leopard gecko skeleton (D:5)
  7 rats
  2 river rat simulacra (Lair:5)
  7 plants (D:10)
217 creatures vanquished.

Vanquished Creatures (collateral kills)
  Rupert (Lair:3)
  A necromancer (Lair:4)
  An oklob plant (D:10)
  An ugly thing (D:8)
  A merfolk siren (Lair:4)
  4 elephants (Lair:4)
  Joseph (D:7)
  2 black mambas (Lair:5)
  A gargoyle (D:10)
  5 spiny frogs
  3 komodo dragons
  3 trolls
  6 hippogriffs
  A wyvern (Lair:4)
  A vampire (D:10)
  2 basilisks
  35 yaks
  Grum (D:8)
  A vampire mosquito (Lair:6)
  5 water moccasins
  5 orc warriors
  2 black bears
  An ice beast (D:9)
  5 ogres
  4 wolves
  A centaur (D:10)
  2 crocodiles
  6 bullfrogs
  A gnoll sergeant (D:9)
  13 killer bees
  A crimson imp (D:10)
  7 jellies
  An orc priest (D:8)
  A centaur skeleton (D:6)
  3 orc wizards
  A worker ant (D:9)
  3 yak simulacra (Lair:5)
  A wolf simulacrum (Lair:5)
  5 gnolls
  4 adders
  A shadow imp (D:8)
  3 white imps (Lair:2)
  An ooze (Lair:5)
  A worm (D:3)
  2 leopard geckos (D:2)
  14 orcs
  2 bats
  A giant cockroach (D:1)
  A goblin (D:3)
  6 hobgoblins
  A jackal (D:10)
  A quokka (D:3)
  4 kobolds
  A leopard gecko skeleton (D:4)
  A quokka skeleton (D:9)
  3 rats
  3 river rat simulacra (Lair:5)
  2 fungi
  A plant (D:10)
192 creatures vanquished.

Vanquished Creatures (others)
  3 fungi
  3 plants
6 creatures vanquished.

Grand Total: 415 creatures vanquished

Notes
Turn   | Place    | Note
-------+----------+-------------------------------------------
     0 | D:1      | CanOfBees the Tengu Summoner began the quest for the Orb.
     0 | D:1      | Reached XP level 1. HP: 10/10 MP: 4/4
   267 | D:1      | Reached skill level 5 in Summonings
   361 | D:1      | Reached XP level 2. HP: 16/16 MP: 6/6
   365 | D:1      | Learned a level 2 spell: Call Imp
   889 | D:1      | Reached skill level 1 in Fighting
  1152 | D:2      | Found a shimmering altar of Xom.
  1507 | D:2      | Reached XP level 3. HP: 12/20 MP: 7/7
  1643 | D:2      | Learned a level 3 spell: Call Canine Familiar
  2297 | D:2      | Reached XP level 4. HP: 19/26 MP: 4/9
  2817 | D:3      | Found a shattered altar of Ashenzari.
  3405 | D:3      | Gained mutation: You can fly continuously. [Tengu growth]
  3405 | D:3      | Reached XP level 5. HP: 30/30 MP: 7/10
  3528 | D:3      | Found a burning altar of Makhleb.
  3684 | D:4      | Reached skill level 6 in Summonings
  3784 | D:4      | Reached XP level 6. HP: 12/36 MP: 12/12
  4088 | D:4      | Learned a level 4 spell: Summon Ice Beast
  4130 | D:4      | Noticed a slave
  4137 | D:4      | Noticed Pikel
  4137 | D:4      | Noticed a slave
  4137 | D:4      | Noticed a slave
  4138 | D:4      | Noticed a slave
  4392 | D:3      | Killed a slave
  4816 | D:4      | Killed Pikel
  4816 | D:4      | Reached skill level 1 in Ice Magic
  4816 | D:4      | Reached XP level 7. HP: 38/41 MP: 6/13
  4983 | D:4      | Found an ancient bone altar of Kikubaaqudgha.
  5103 | D:5      | Entered Level 5 of the Dungeon
  5164 | D:5      | Reached skill level 1 in Shields
  5235 | D:5      | Found a hide-covered altar of Uskayaw.
  5274 | D:5      | Found a blossoming altar of Fedhas.
  5705 | D:5      | Reached skill level 7 in Summonings
  5797 | D:5      | Reached XP level 8. HP: 47/47 MP: 15/15
  6136 | D:6      | Found a sparkling altar of Nemelex Xobeh.
  6145 | D:6      | Found Nirha's Armour Boutique.
  6240 | D:6      | Found Gecountost's Antique Weapon Boutique.
  6244 | D:6      | Bought a glowing trident for 169 gold pieces
  6244 | D:6      | Bought a steaming trident for 221 gold pieces
  6245 | D:6      | Identified the +8 trident of the Pill Bug {freeze, rF+
                  | MP+9} (You bought it in a shop on level 6 of the Dungeon)
  6455 | D:6      | Found a glowing golden altar of the Shining One.
  6467 | D:6      | Found an opulent altar of Gozag.
  6472 | D:6      | Found a basalt altar of Yredelemnul.
  6477 | D:6      | Found a white marble altar of Elyvilon.
  6526 | D:6      | Found a deep blue altar of Sif Muna.
  6531 | D:6      | Found a glowing silver altar of Zin.
  6536 | D:6      | Became a worshipper of Sif Muna the Loreminder
  6679 | D:6      | Found a runed translucent gate.
  6679 | D:6      | Found a runed translucent gate.
  6680 | D:6      | Found a runed translucent gate.
  6680 | D:6      | Noticed suduhmizer's ghost (novice SpEn)
  6752 | D:6      | Found a stormy altar of Qazlal.
  7058 | D:7      | Found a stormy altar of Qazlal.
  7300 | D:6      | Learned a level 4 spell: Summon Lightning Spire
  7661 | D:6      | Reached skill level 1 in Invocations
  7891 | D:7      | Found a large runed translucent door.
  7891 | D:7      | Found a large runed translucent door.
  7897 | D:7      | Found a large runed translucent door.
  7897 | D:7      | Found a large runed translucent door.
  7898 | D:7      | Noticed a wyvern
  7898 | D:7      | Noticed Joseph
  8246 | D:7      | Found a staircase to the Ecumenical Temple.
  8280 | D:7      | Reached skill level 5 in Spellcasting
  8280 | D:7      | Reached skill level 1 in Air Magic
  8381 | D:7      | Noticed a spriggan baker
  8392 | D:7      | Killed a spriggan baker
  8658 | D:7      | Noticed Menkaure
  8676 | D:7      | Killed Menkaure
  8676 | D:7      | Reached XP level 9. HP: 29/52 MP: 17/17
  8974 | D:7      | Reached * piety under Sif Muna
  9072 | D:7      | Reached skill level 8 in Summonings
  9301 | D:7      | Found a large runed translucent door.
  9301 | D:7      | Found a large runed translucent door.
  9341 | D:7      | Found a large runed translucent door.
  9341 | D:7      | Found a large runed translucent door.
  9836 | D:7      | Found a stormy altar of Qazlal.
  9863 | D:7      | Found a staircase to the Ecumenical Temple.
  9918 | D:7      | Gained mutation: Your flesh is heat resistant. (rF+)
                  | [potion of mutation]
  9918 | D:7      | Gained mutation: You are agile. (Dex +2) [potion of
                  | mutation]
  9918 | D:7      | Gained mutation: You are somewhat resistant to further
                  | mutation. [potion of mutation]
  9918 | D:7      | Gained mutation: Your flesh is very heat resistant. (rF++)
                  | [potion of mutation]
  9925 | D:7      | Killed Joseph
 10580 | D:7      | Identified the Guide on the Rocks and the Snowflakes
 10962 | D:8      | Found Kyurpheh's General Store.
 10979 | D:8      | Noticed a green ugly thing
 10992 | D:8      | Killed a green ugly thing
 11029 | D:8      | Bought a scroll of identify for 26 gold pieces
 11364 | D:8      | Found a sparkling altar of Nemelex Xobeh.
 11567 | D:8      | Noticed Grum
 11581 | D:8      | Killed Grum
 11581 | D:8      | Reached skill level 5 in Fighting
 11581 | D:8      | Reached ** piety under Sif Muna
 11723 | D:8      | Found a stormy altar of Qazlal.
 11997 | D:8      | Reached XP level 10. HP: 59/59 MP: 19/19
 12763 | D:9      | Reached skill level 9 in Summonings
 12845 | D:9      | Reached skill level 5 in Air Magic
 12873 | D:9      | Got a shimmering chain mail
 13175 | D:9      | Paralysed by a gnoll for 4 turns
 13815 | D:10     | Entered Level 10 of the Dungeon
 13835 | D:10     | Found a flagged portal.
 14008 | D:10     | Noticed an oklob plant
 14246 | D:10     | Reached *** piety under Sif Muna
 14437 | Bailey   | Entered a bailey
 14712 | Bailey   | Noticed an orc knight
 14738 | Bailey   | Killed an orc knight
 14738 | Bailey   | Reached skill level 5 in Dodging
 14827 | Bailey   | Found a bloodstained altar of Trog.
 15341 | D:10     | Noticed a gargoyle
 15365 | D:10     | Killed a gargoyle
 15505 | D:10     | Noticed a two-headed ogre
 15509 | D:10     | Killed a two-headed ogre
 15509 | D:10     | Reached XP level 11. HP: 65/65 MP: 22/22
 15577 | D:10     | Found a staircase to the Lair.
 15598 | D:10     | Killed an oklob plant
 15719 | Lair:1   | Entered Level 1 of the Lair of Beasts
 15731 | Lair:1   | Reached skill level 5 in Invocations
 15744 | Lair:1   | Reached skill level 10 in Summonings
 15821 | Lair:1   | Identified the cursed +0 chain mail of Starshine {MR+ Str+3
                  | Int+4 Dex+3} (You found it on level 9 of the Dungeon)
 16161 | Lair:1   | Noticed a five-headed hydra
 16176 | Lair:1   | Killed a five-headed hydra
 17033 | Lair:2   | Found a staircase to the Snake Pit.
 17480 | Lair:2   | Found a frozen archway.
 17501 | IceCv    | Entered an ice cave
 17518 | IceCv    | Reached **** piety under Sif Muna
 18505 | Lair:2   | Reached skill level 5 in Ice Magic
 19590 | Lair:3   | Reached XP level 12. HP: 59/72 MP: 24/24
 19623 | Lair:3   | Learned a level 6 spell: Freezing Cloud
 19873 | Lair:3   | Noticed Rupert
 19941 | Lair:3   | Killed Rupert
 19941 | Lair:3   | Reached skill level 1 in Conjurations
 20601 | Lair:3   | Got a transparent rapier
 20673 | Lair:3   | Reached skill level 11 in Summonings
 20820 | Lair:4   | Reached skill level 1 in Polearms
 21120 | Lair:4   | Got a fine scale mail
 21155 | Lair:4   | Identified the +1 scale mail of Sif Muna's Delight {Regen+
                  | Dex-4 SInv} (You found it on level 4 of the Lair of Beasts)
 21333 | Lair:4   | Found a staircase to the Shoals.
 22369 | Lair:4   | Found a staircase to the Shoals.
 23166 | Lair:5   | Found a staircase to the Slime Pits.
 23979 | Lair:5   | Identified the cursed +3 rapier "Asku" {distort, Int+6}
                  | (You found it on level 3 of the Lair of Beasts)
 24243 | Lair:6   | Entered Level 6 of the Lair of Beasts
 24243 | Lair:6   | Noticed a seven-headed hydra
 24436 | Lair:5   | Reached ***** piety under Sif Muna
 24769 | Lair:6   | Identified Sif Muna's Collected Works on Aerial Combat
                  | Magic (Sif Muna gifted it to you on level 6 of the Lair of
                  | Beasts)
 24769 | Lair:6   | Received a gift from Sif Muna
 24799 | Lair:6   | Reached skill level 12 in Summonings
 24801 | Lair:6   | Slain by a black mamba

Skill      XL: |  1  2  3  4  5  6  7  8  9 10 11 12 |
---------------+-------------------------------------+-----
Summonings     | 5 6 7 8 9 10 12 | 12.0
Fighting       | 1 2 3 4 5 6 7 8 |  8.2
Spellcasting   | 3 4 5 6 7 8 |  8.4
Dodging        | 3 4 5 6 |  6.8
Ice Magic      | 1 2 4 5 6 |  6.0
Shields        | 2 4 |  4.0
Invocations    | 2 3 4 6 |  6.9
Air Magic      | 2 4 8 |  8.0
Conjurations   | 3 |  3.8
Polearms       | 3 |  3.0
Stealth        | |  2.0

Action                   |  1- 3 |  4- 6 |  7- 9 | 10-12 || total
-------------------------+-------+-------+-------+-------++-------
Melee: Unarmed           |    29 |       |       |       ||    29
       Kick              |    11 |    25 |    37 |   127 ||   200
       Peck              |    11 |    18 |    23 |    76 ||   128
       Short sword       |    45 |    87 |    57 |       ||   189
       Trident           |       |       |   131 |   444 ||   575
       Staff             |       |       |     1 |       ||     1
 Fire: Blowgun           |       |     3 |       |       ||     3
Throw: Stone             |     8 |     3 |    23 |    43 ||    77
       Javelin           |       |    19 |    13 |    67 ||    99
 Cast: Summon Small Mamm |    11 |       |       |       ||    11
       Call Imp          |    13 |     6 |    19 |    15 ||    53
       Call Canine Famil |     3 |     9 |    18 |    32 ||    62
       Summon Ice Beast  |       |     2 |     7 |    82 ||    91
       Summon Lightning  |       |       |    13 |    58 ||    71
Invok: Divine Energy     |       |       |       |     1 ||     1
       Stop Divine Energ |       |       |       |     1 ||     1
 Abil: Fly               |       |     1 |       |       ||     1
Evoke: Wand              |       |       |     3 |     7 ||    10
  Use: Scroll            |       |     6 |    11 |    13 ||    30
       Potion            |       |       |     6 |     9 ||    15
 Stab: Sleeping          |     6 |     2 |     3 |     3 ||    14
       Distracted        |     1 |       |     2 |    11 ||    14
  Eat: Chunk             |     6 |     6 |    16 |    27 ||    55
       Ration            |       |     1 |     4 |     8 ||    13
Armor: Robe              |    21 |     9 |    12 |    34 ||    76
       Leather armour    |       |     3 |    13 |       ||    16
       Chain mail        |       |       |       |     3 ||     3
Dodge: Dodged            |    58 |    64 |   150 |   326 ||   598
Block: Buckler           |       |       |    54 |   207 ||   261
